 Dungeon Crawl Stone Soup version 0.25-a0-855-g681bda5 (webtiles) character file.

Game seed: 14531080541279259860, levelgen mode: deterministic

1617 Illumine the Slinger (level 9, -10/58 HPs)
             Began as a Halfling Warper on Apr 25, 2020.
             Mangled by a two-headed ogre
             ... wielding a +0 dire flail
              (15 damage)
             ... on level 8 of the Dungeon.
             The game lasted 00:30:33 (8870 turns).

Illumine the Slinger (Halfling Warper)              Turns: 8870, Time: 00:30:33

Health: -10/58     AC:  6    Str: 15    XL:     9   Next: 17%
Magic:  11/12      EV: 17    Int: 11    God:
Gold:   145        SH:  0    Dex: 14    Spells: 8/12 levels left

rFire    . . .     SeeInvis .   E - -1 fustibalus
rCold    + . .     Gourm    .   (shield restricted)
rNeg     . . .     Faith    .   l - +0 leather armour
rPois    .         Spirit   .   H - +1 helmet
rElec    .         Reflect  .   C - +0 cloak
rCorr    .         Harm     .   (no gloves)
MR       .....                  (no boots)
Stlth    +.........             (no amulet)
HPRegen  0.19/turn              p - ring of protection from cold
MPRegen  0.13/turn              (no ring)

@: lethally poisoned (-10 -> -11)
A: small, mutation resistance 1
a: no special abilities


You were on level 8 of the Dungeon.
You were not hungry.

You visited 1 branch of the dungeon, and saw 8 of its levels.

You collected 365 gold pieces.
You spent 220 gold pieces at shops.

Inventory:

Hand Weapons
 a - a +1 dagger of speed
 b - a +0 hunting sling
 q - a +0 dagger
 E - a -1 fustibalus (weapon)
 F - a -1 quick blade
Missiles
 e - 5 boomerangs of dispersal
 n - 144 stones
 r - 30 poisoned darts (quivered)
 v - 7 boomerangs
Armour
 l - a +0 leather armour (worn)
 t - a +0 kite shield
 w - a +0 scale mail
 C - a +0 cloak (worn)
 D - the cursed +1 robe of Niyvisi {rN++ Int-5 Dex+5}
   (You found it on level 5 of the Dungeon)

   It affects your intelligence (-5).
   It affects your dexterity (+5).
   It greatly protects you from negative energy.
   It has a curse placed upon it.
 H - a +1 helmet (worn)
Jewellery
 p - a ring of protection from cold (left hand)
 B - an uncursed amulet of magic regeneration
Scrolls
 c - a scroll of random uselessness {unknown}
 d - a scroll of blinking
 i - 4 scrolls of amnesia
 m - 2 scrolls of fear
 o - a scroll of noise {unknown}
 u - a scroll of teleportation {unknown}
 y - a scroll of enchant armour {unknown}
 z - a scroll of remove curse {unknown}
 I - 2 scrolls of fog {unknown}
Potions
 h - a potion of ambrosia
 j - 4 potions of curing
 k - 2 potions of haste
 s - a potion of brilliance {unknown}
 A - a potion of flight {unknown}
 G - a potion of invisibility {unknown}
 J - a potion of mutation {unknown}
Comestibles
 f - 13 rations
 g - 2 chunks of flesh


   Skills:
 + Level 4.1 Fighting
 - Level 3.3 Short Blades
 * Level 8.8(8.9) Slings
 - Level 1.0(3.9) Throwing
 + Level 3.0 Armour
 + Level 5.4 Dodging
 - Level 2.0 Spellcasting
 - Level 2.1 Charms
 + Level 6.2 Translocations


You had 8 spell levels left.
You knew the following spells:

 Your Spells              Type           Power        Failure   Level  Hunger
a - Blink                 Tloc           N/A          4%          2    ###....
b - Shroud of Golubria    Chrm/Tloc      ##....       10%         2    ###....

Your spell library contained the following spells:

 Spells                   Type           Power        Failure   Level  Hunger
 Gell's Gravitas          Tloc           ##........   9%          3    ####...
 Lesser Beckoning         Tloc           ##........   9%          3    ####...
 Teleport Other           Tloc           ##......     9%          3    ####...
 Infusion                 Chrm           #...         14%         1    ##.....
 Song of Slaying          Chrm           #.......     22%         2    ###....
 Passage of Golubria      Tloc           N/A          26%         4    #####..
 Ozocubu's Armour         Chrm/Ice       #.......     56%         3    ####...
 Spectral Weapon          Hex/Chrm       #.......     56%         3    ####...


Dungeon Overview and Level Annotations

Branches:
Dungeon (8/15)
 Temple: D:4-7         Lair: D:8-11

Altars:
Ashenzari
Sif Muna

Shops:
D:5 *   D:6 [

Annotations:
D:6 Grinder


Innate Abilities, Weirdness & Mutations

You are small and have problems with some larger weapons.
You are somewhat resistant to further mutation.


Message History

An adder comes into view.
You feel sick.
Casting: Blink (safe; 4% risk of failure)
Confirm with . or Enter, or press ? or * to list all spells.
You blink. 3 orcs come into view.
You feel sick.
Found 10 gold pieces and a crooked jewelled staff.
You feel sick.
You feel sick.
You feel sick.
Found a stone staircase leading down.
The two-headed ogre hits you with a +0 dire flail!
* * * LOW HITPOINT WARNING * * *
The two-headed ogre hits you with a cursed -3 giant club.
* * * LOW HITPOINT WARNING * * *
There is an escape hatch in the floor here.
You feel sick. The two-headed ogre barely misses you.
The two-headed ogre hits you with a cursed -3 giant club!
You die...

.. # ....###
...#..$.
....#...
.>.....# ...
.......# .....
...#...## ####.
.....##S
#....@##..$..
.......#
#.#..O...?#
.....)##
#<....(##
#......#
##..(..##
#...###.......#
##.......###$..#
#......o## ##.#
#.##.....# #.#
..# #.....# #..


You could see a two-headed ogre and an orc.

Vanquished Creatures
  2 sky beasts (D:5)
  2 ogres
  A centaur (D:5)
  2 bullfrogs
  A wyvern skeleton (D:5)
  A scorpion (D:7)
  A howler monkey (D:5)
  4 crimson imps (D:5)
  4 hounds
  2 jellies (D:5)
  An orc priest (D:3)
  3 orc wizards
  A bullfrog skeleton (D:5)
  2 iguanas (D:4)
  6 worker ants
  A hound zombie (D:5)
  A worker ant zombie (D:6)
  4 gnolls (D:6)
  7 adders
  An ooze (D:5)
  An adder skeleton (D:4)
  A worm (D:2)
  A dart slug (D:1)
  4 leopard geckos
  29 orcs
  15 bats
  7 giant cockroaches
  6 goblins
  10 hobgoblins
  3 quokkas
  A ball python (D:3)
  4 frilled lizards
  8 kobolds
  5 rats
142 creatures vanquished.

Notes
Turn   | Place    | Note
-------+----------+-------------------------------------------
     0 | D:1      | Illumine the Halfling Warper began the quest for the Orb.
     0 | D:1      | Reached XP level 1. HP: 14/14 MP: 3/3
   114 | D:1      | Reached XP level 2. HP: 19/19 MP: 4/4
   118 | D:1      | Learned a level 2 spell: Blink
   121 | D:1      | Learned a level 2 spell: Shroud of Golubria
   766 | D:1      | Reached XP level 3. HP: 24/24 MP: 6/6
  1244 | D:2      | Reached skill level 1 in Charms
  1248 | D:2      | Found a shattered altar of Ashenzari.
  1777 | D:2      | Reached XP level 4. HP: 29/29 MP: 7/7
  2482 | D:3      | Reached skill level 1 in Slings
  3009 | D:2      | Reached XP level 5. HP: 19/34 MP: 8/8
  3555 | D:3      | Reached skill level 2 in Slings
  4163 | D:3      | Reached XP level 6. HP: 39/39 MP: 9/9
  4228 | D:3      | Reached skill level 3 in Slings
  4574 | D:3      | Found a shimmering blue altar of Sif Muna.
  5012 | D:4      | Noticed an ogre
  5050 | D:4      | Killed an ogre
  5050 | D:4      | Reached skill level 4 in Slings
  5286 | D:4      | Reached XP level 7. HP: 45/45 MP: 10/10
  5957 | D:5      | Entered Level 5 of the Dungeon
  5993 | D:5      | Reached skill level 5 in Slings
  6062 | D:5      | Reached skill level 5 in Translocations
  6344 | D:5      | Got a faintly humming robe
  6345 | D:5      | Identified the cursed +1 robe of Niyvisi {rN++ Int-5 Dex+5}
                  | (You found it on level 5 of the Dungeon)
  6414 | D:5      | Reached skill level 6 in Slings
  6414 | D:5      | Reached XP level 8. HP: 40/52 MP: 11/11
  6451 | D:5      | Found Jukai's Lightly-Used Armoury.
  6541 | D:5      | Bought a -1 fustibalus for 110 gold pieces
  6541 | D:5      | Bought a -1 quick blade for 110 gold pieces
  7242 | D:5      | Reached skill level 7 in Slings
  7980 | D:5      | Reached skill level 8 in Slings
  7980 | D:5      | Reached skill level 5 in Dodging
  8126 | D:6      | Found Gipal's Armour Shop.
  8437 | D:5      | Reached XP level 9. HP: 38/58 MP: 9/12
  8769 | D:6      | Noticed Grinder
  8847 | D:8      | Noticed a two-headed ogre
  8870 | D:8      | Mangled by a two-headed ogre

Levels and vault maps discovered:
D:1:      lemuel_arrival_broad_hall, layout_basic
D:2:      layout_loops_corners, evilmike_ruin_ashenzari, first_ration
D:3:      layout_loops_ring, lemuel_coloured_pillars_altar,
          nicolae_overflow_hidden_temple
D:4:      layout_loops_corners
D:5:      layout_loops_corners, minmay_fountain_box, minmay_shop_damaged
D:6:      layout_loops_cross, cheibrodos_worm_habitat,
          minmay_temple_entry_enclosed_plants, serial_shops, shop, uniq_pikel,
          uniq_grinder
D:7:      layout_basic
D:8:      layout_layer_cave, uniq_harold

Skill      XL: |  1  2  3  4  5  6  7  8  9 |
---------------+----------------------------+-----
Short Blades   | 3 |  3.3
Spellcasting   | 2 |  2.0
Charms         | 1 2 |  2.1
Slings         | 1 2 4 6 8 |  8.8
Translocations | 4 5 6 |  6.2
Dodging        | 3 4 5 |  5.4
Fighting       | 2 3 4 |  4.1
Armour         | 2 3 |  3.0
Throwing       | |  1.0

Action                   |  1- 3 |  4- 6 |  7- 9 || total
-------------------------+-------+-------+-------++-------
Melee: Short sword       |   119 |    47 |       ||   166
       Dagger            |       |    81 |   128 ||   209
       Quick blade       |       |       |   111 ||   111
 Fire: Hunting sling     |     6 |   205 |   190 ||   401
       Fustibalus        |       |       |   132 ||   132
Throw: Stone             |     7 |     1 |       ||     8
       Dart              |       |    11 |    32 ||    43
 Cast: Blink             |       |     3 |     6 ||     9
  Use: Scroll            |       |     5 |     3 ||     8
 Stab: Sleeping          |     1 |       |       ||     1
  Eat: Chunk             |     2 |    12 |     8 ||    22
       Ration            |       |       |     1 ||     1
Armor: Leather armour    |    27 |    25 |    54 ||   106
Dodge: Dodged            |    91 |   123 |   236 ||   450

Table legend:
 A = Non-vault XP
 B = Vault XP
 C = Vault XP percentage of total XP
 D = Non-vault monster count
 E = Vault monster count
 F = Vault count percentage of total count
                 A         B        C        D         E       F
            +---------+---------+-------+---------+---------+-------
      Total |    2311 |       0 |   0.0 |     142 |       0 |   0.0
            +---------+---------+-------+---------+---------+-------
        D:1 |      32 |       0 |   0.0 |      17 |       0 |   0.0
        D:2 |     116 |       0 |   0.0 |      28 |       0 |   0.0
        D:3 |     239 |       0 |   0.0 |      46 |       0 |   0.0
        D:4 |     235 |       0 |   0.0 |      11 |       0 |   0.0
        D:5 |    1364 |       0 |   0.0 |      28 |       0 |   0.0
        D:6 |     212 |       0 |   0.0 |      10 |       0 |   0.0
        D:7 |     113 |       0 |   0.0 |       2 |       0 |   0.0
            +---------+---------+-------+---------+---------+-------
